 Dungeon Crawl Stone Soup version 0.26-a0-651-gb41185065b (webtiles) character file.

Game seed: 2707928720983246423

709 Ozzies the Fighter (level 7, -11/49 HPs)
             Began as a Gargoyle Fighter on Oct 14, 2020.
             Was a Believer of Qazlal.
             Killed by divine providence
             ... invoked by an orc priest
              (15 damage)
             ... on level 4 of the Dungeon.
             The game lasted 00:06:09 (3343 turns).

Ozzies the Fighter (Gargoyle Fighter)               Turns: 3343, Time: 00:06:10

Health: -11/49     AC: 16    Str: 21    XL:     7   Next: 68%
Magic:  8/8        EV:  7    Int:  9    God:    Qazlal [**....]
Gold:   263        SH: 11    Dex:  9    Spells: 6/6 levels left

rFire    . . .     SeeInvis .   B - +1 dagger (elec)
rCold    . . .     Faith    .   c - +0 kite shield
rNeg     + . .     Spirit   .   b - +0 scale mail
rPois    ∞         Reflect  .   j - +0 helmet
rElec    +         Harm     .   F - scarf {repulsion}
rCorr    +         Rampage  .   n - +0 pair of gloves
MR       .....                  e - +1 pair of boots
Stlth    ..........             (no amulet)
HPRegen  0.16/turn              m - ring of resist corrosion
MPRegen  0.11/turn              (no ring)

@: repel missiles
A: negative energy resistance 1, electricity resistance, unbreathing,
petrification resistance, rot immunity, AC +4
a: Upheaval, Renounce Religion


You were on level 4 of the Dungeon.
You worshipped Qazlal.
Qazlal was pleased with you.
You visited 1 branch of the dungeon, and saw 4 of its levels.

You collected 263 gold pieces.

Inventory:

Hand Weapons
 B - a +1 dagger of electrocution (weapon)
 C - a +0 morningstar
Armour
 b - a +0 scale mail (worn)
 c - a +0 kite shield (worn)
 e - a +1 pair of boots (worn)
 j - a +0 helmet (worn)
 n - a +0 pair of gloves (worn)
 F - a scarf of repulsion (worn)
Jewellery
 m - a ring of resist corrosion (left hand)
Wands
 t - a wand of polymorph (8)
Scrolls
 g - a scroll of amnesia {unknown}
 h - a scroll of fear {unknown}
 o - 2 scrolls of teleportation {unknown}
 q - 7 scrolls of remove curse {@r2}
 r - a scroll of enchant armour {unknown}
 s - a scroll of fog {unknown}
 x - 5 scrolls of identify {unknown}
 y - a scroll of immolation {unknown}
 z - a scroll of enchant weapon {unknown}
 A - a scroll of magic mapping {unknown}
Potions
 a - a potion of invisibility {unknown}
 d - 2 potions of might {@q3 !q}
 f - a potion of brilliance {unknown}
 i - a potion of ambrosia {unknown}
 k - a potion of haste {unknown}
 l - 2 potions of magic {unknown}
 p - 2 potions of mutation {unknown}
 v - a potion of cancellation {unknown}
 D - a potion of berserk rage {unknown}
 E - a potion of resistance {unknown}
 G - 2 potions of heal wounds {unknown}


   Skills:
 * Level 8.3 Fighting
 + Level 2.4 Short Blades
 - Level 2.1 Maces & Flails
 + Level 3.7 Armour
 + Level 0.8 Dodging
 - Level 3.2 Shields
 * Level 1.9 Invocations


You had 6 spell levels left.
You didn't know any spells.
Your spell library was empty.

Dungeon Overview and Level Annotations

Branches:
Dungeon (4/15)
 Temple: D:4-7

Altars:
Dithmenos
Gozag
Hepliaklqana
Qazlal
Trog
Vehumet
Yredelemnul

Annotations:
D:4 3 runed translucent doors, Flugslaktarn's ghost, weakling DDFi; emiel's ghost, amateur TrDe


Innate Abilities, Weirdness & Mutations

You are resistant to torment.
Your stone body is resilient. (AC +4)
You are immune to poison.
You resist negative energy. (rN+)
You are resistant to electric shocks. (rElec)
You can survive without breathing.
You are immune to petrification.
You are immune to rotting.


Message History

No target in view!
No target in view!
No target in view!
No target in view!
No target in view!
No target in view!
No target in view!
No target in view!
No target in view!
No target in view!
No target in view!
No target in view!
No target in view!
Items here: ))) [.
Things that are here:
a +0 club; a +0 plate armour; an orc corpse
Found 20 stones.
Found an escape hatch in the floor.
Found 21 stones.
You see here 21 stones.
You now have 263 gold pieces (gained 5).
A worm comes into view.
Found a chain mail.
A worm is nearby!
A worm is nearby!
A worm is nearby!
You block the worm's attack.
Found a mace.
You hit the worm. Lightning courses through the worm!!
You kill the worm!
Qazlal accepts your kill.
No target in view!
No target in view!
No target in view!
No target in view!
No target in view!
No target in view!
No target in view!
No target in view!
No target in view!
No target in view!
No target in view!
No target in view!
No target in view!
No target in view!
No target in view!
You see here a worm corpse.
The orc priest shouts!
You hear a shout! x2
The orc priest shouts!
The orc priest shouts! x2
Found 8 curare-tipped darts.
The orc priest shouts!
An orc priest is nearby!
An orc priest is nearby!
An orc priest is nearby!
An orc priest is nearby!
No reachable target in view!
No reachable target in view!
No reachable target in view!
No reachable target in view!
No reachable target in view!
No reachable target in view!
No reachable target in view!
No reachable target in view!
No reachable target in view!
Unknown command.
An orc priest comes into view. It is wielding a +0 flail.
The orc priest shouts!
Found 16 stones.
The orc priest mumbles some strange prayers to Beogh against you.
Pain shoots through your body!
Found a scroll labeled IKOYTSU ZOISUONUO.
The orc priest mumbles some strange prayers to Beogh against you.
Beogh smites you!
The orc priest mumbles some strange prayers to Beogh against you.
Beogh smites you!
You are too injured to fight recklessly!
You are too injured to fight recklessly!
You are too injured to fight recklessly!
You are too injured to fight recklessly!
You are too injured to fight recklessly!
You are too injured to fight recklessly!
You are too injured to fight recklessly!
You are too injured to fight recklessly!
You are too injured to fight recklessly!
You are too injured to fight recklessly!
You are too injured to fight recklessly!
You are too injured to fight recklessly!
You are too injured to fight recklessly!
You are too injured to fight recklessly!
You are too injured to fight recklessly!
You are too injured to fight recklessly!
You are too injured to fight recklessly!
You are too injured to fight recklessly!
The orc priest mumbles some strange prayers to Beogh against you.
Beogh smites you!
* * * LOW HITPOINT WARNING * * *
The orc priest mumbles some strange prayers to Beogh against you.
Beogh smites you!
You die...

..#.#....# #.....##....
##.#'#(.## ##..... #....
#
..:.o#o..##.......####..
..#
#.###.o..........#.....
....#o#........#
.........#
....###...o.####
.#.....## #..(..##○o#
#..###....# ####...○##
###..# ##>...
###.@####....# ##...
###..........## ###..
##.............###....
#.......................
...####....#####........
.# ##..## #.......#
#.†## ###.....###
##[.###.....^##
##.#...##...#


You could see 5 orc priests.

Vanquished Creatures
  A phantom (D:4)
  An ogre (D:4)
  3 orc priests (D:4)
  A centaur skeleton (D:4)
  A hound (D:4)
  An iguana (D:4)
  5 orc wizards (D:4)
  2 worker ants (D:4)
  6 adders
  A gnoll (D:1)
  2 oozes
  7 worms
  3 dart slugs
  3 leopard geckos
  9 orcs
  A ball python (D:2)
  5 bats
  2 giant cockroaches
  5 hobgoblins
  3 jackals (D:3)
  6 kobolds
  A quokka (D:4)
  6 frilled lizards
  6 goblins
  2 quokka skeletons (D:4)
  8 rats
91 creatures vanquished.

Vanquished Creatures (others)
  6 withered plants (D:4)
6 creatures vanquished.

Grand Total: 97 creatures vanquished

Notes
Turn   | Place    | Note
-------+----------+-------------------------------------------
     0 | D:1      | Ozzies the Gargoyle Fighter began the quest for the Orb.
     0 | D:1      | Reached XP level 1. HP: 14/14 MP: 1/1
   234 | D:1      | Reached XP level 2. HP: 20/20 MP: 2/2
   276 | D:1      | Reached skill level 4 in Fighting
   429 | D:1      | Reached XP level 3. HP: 24/24 MP: 3/3
   580 | D:1      | Reached skill level 1 in Short Blades
   888 | D:2      | Reached XP level 4. HP: 30/30 MP: 4/4
  1509 | D:2      | Reached skill level 5 in Fighting
  1954 | D:3      | Found a faded altar of an unknown god.
  1973 | D:3      | Reached XP level 5. HP: 35/35 MP: 5/5
  2363 | D:3      | Became a worshipper of Qazlal Stormbringer
  2363 | D:3      | Reached * piety under Qazlal
  2473 | D:3      | Found a radiant altar of Vehumet.
  2546 | D:4      | Reached skill level 6 in Fighting
  2553 | D:4      | Reached XP level 6. HP: 28/42 MP: 6/6
  2678 | D:4      | Found a basalt altar of Yredelemnul.
  2679 | D:4      | Found a bloodstained altar of Trog.
  2680 | D:4      | Found a shadowy altar of Dithmenos.
  2684 | D:4      | Reached skill level 7 in Fighting
  2689 | D:4      | Found a runed translucent gate.
  2690 | D:4      | Found a runed translucent gate.
  2691 | D:4      | Found a runed translucent gate.
  2691 | D:4      | Noticed emiel's ghost (amateur TrDe)
  2691 | D:4      | Noticed Flugslaktarn's ghost (weakling DDFi)
  2759 | D:4      | Found an opulent altar of Gozag.
  2868 | D:4      | Noticed a phantom
  2872 | D:4      | Reached skill level 8 in Fighting
  2872 | D:4      | Reached XP level 7. HP: 49/49 MP: 7/7
  2879 | D:4      | Reached ** piety under Qazlal
  2879 | D:4      | Reached skill level 1 in Invocations
  3034 | D:4      | Found a hazy altar of Hepliaklqana.
  3343 | D:4      | Killed from afar by an orc priest

Illustrated notes

Levels and vault maps discovered:
D:1:      giann_forest_graveyard, layout_loops_ring
D:2:      layout_basic, grunt_ministairs_2
D:3:      layout_basic, lemuel_coloured_pillars_altar,
          chequers_ecumenical_altar_island,
          wander_ebering_terrifying_dragon_lair
D:4:      layout_layer_cave, nicolae_overflow_hidden_temple,
          nicolae_overflow_crystal_walls, kennysheep_little_box,
          chequers_temple_overflow_statue_of_worship, gammafunk_ghost_cemetery,
          grunt_ministairs_12, minmay_a_box_with_orc_wizards_in_it

Skill      XL: |  1  2  3  4  5  6  7 |
---------------+----------------------+-----
Fighting       | 4 5 6 8 |  8.3
Short Blades   | 1 2 |  2.4
Invocations    | 1 |  1.9
Maces & Flails | |  2.1
Armour         | |  3.7
Dodging        | |  0.8
Shields        | |  3.2

Action                   |  1- 3 |  4- 6 |  7- 9 || total
-------------------------+-------+-------+-------++-------
Melee: Flail             |    18 |       |       ||    18
       Dagger            |    68 |   159 |    42 ||   269
       Hand axe          |       |    17 |       ||    17
  Use: Scroll            |       |     1 |       ||     1
Armor: Scale mail        |    38 |    76 |    13 ||   127
Dodge: Dodged            |    24 |    45 |    11 ||    80
Block: Kite shield       |    29 |    72 |    23 ||   124

Table legend: (Time is in decaauts)
 A = Elapsed time spent in this place.
 B = Non-inter-level travel time spent in this place.
 C = Inter-level travel time spent in this place.
 D = Time resting spent in this place.
 E = Time spent auto-exploring this place.
 F = Levels seen in this place.
 G = Mean time per level.
                   A        B        C        D        E       F      G
               +--------+--------+--------+--------+--------+-----+--------+
         Total |   3366 |   3221 |    145 |      0 |   2610 |   4 |  841.5 |
       Dungeon |   3366 |   3221 |    145 |      0 |   2610 |   4 |  841.5 |
               +--------+--------+--------+--------+--------+-----+--------+

Top non-repeatable levels by time:
     D:2: 1025 daAuts
     D:4: 822 daAuts
     D:1: 759 daAuts
     D:3: 758 daAuts
